 Dungeon Crawl Stone Soup version 0.19.5 (webtiles) character file.

68 theanonym the Sneak (level 4, -2/22 HPs)
             Began as a Spriggan Assassin on Mar 18, 2017.
             Slain by Terence
             ... wielding a +0 morningstar
              (15 damage)
             ... on level 2 of the Dungeon.
             The game lasted 00:11:11 (1450 turns).

theanonym the Sneak (Spriggan Assassin)             Turns: 1450, Time: 00:11:11

Health: -2/22      AC:  3    Str:  7    XL:     4   Next: 1%
Magic:  5/5        EV: 19    Int: 12    God:
Gold:   44         SH:  0    Dex: 18    Spells: 0 memorised, 3 levels left

rFire  . . .     SeeInvis +     a - +2 dagger
rCold  . . .     Gourm    .     c - +0 robe
rNeg   . . .     Faith    .     (shield restricted)
rPois  .         Spirit   .     (helmet restricted)
rElec  .         Reflect  .     d - +0 cloak
rCorr  .         Harm     .     (gloves unavailable)
MR     .....                    (boots unavailable)
Stlth  ++++......               (no amulet)
                                (no ring)
                                (no ring)

@: very quick
A: unfitting armour, see invisible, herbivore 3, speed 3, slow metabolism 2
a: no special abilities


You were on level 2 of the Dungeon.
You were not hungry.

You visited 1 branch of the dungeon, and saw 2 of its levels.

You collected 44 gold pieces.

Inventory:

Hand Weapons
 a - a +2 dagger (weapon)
 b - a +0 blowgun
Missiles
 e - 2 poisoned needles
 f - 10 curare-tipped needles
Armour
 c - a +0 robe (worn)
 d - a +0 cloak (worn)
Scrolls
 h - 4 scrolls of identify {unknown}
 i - a scroll of amnesia {unknown}
 l - a scroll of enchant armour {unknown}
 m - a scroll of remove curse {unknown}
 o - a scroll of recharging {unknown}
 r - a scroll of random uselessness {unknown}
Potions
 j - 2 potions of curing {unknown}
 k - 2 potions of heal wounds {unknown}
 n - 2 potions of degeneration {unknown}
 p - a potion of cure mutation {unknown}
 q - a potion of lignification {unknown}
Comestibles
 g - 2 bread rations {@e1}


   Skills:
 - Level 1.5 Fighting
 * Level 3.2 Short Blades
 - Level 2.0 Throwing
 + Level 3.2 Dodging
 + Level 6.9 Stealth


You had 3 spell levels left.
You didn't know any spells.

Dungeon Overview and Level Annotations

Branches:
Dungeon (2/15)

Altars:
Zin

Annotations:
D:2 Terence


Innate Abilities, Weirdness & Mutations

You are very small and have problems with some larger weapons.
You are too small for most types of armour.
You have supernaturally acute eyesight. (SInv)
You are a herbivore.
You cover ground extremely quickly.
You need consume almost no food.


Message History

A bat comes into view.
Found a glowing silver altar of Zin.
You start resting.
Health restored: 18 The bat is too close now for your liking.
The helpless bat fails to defend itself.
You skewer the bat like a kebab!!!
You kill the bat!
No target in view!
No target in view!
No target in view!
No target in view!
No target in view!
No target in view!
No target in view!
No target in view!
No target in view!
No target in view!
No target in view!
q - a viscous puce potion
There is a glowing silver altar of Zin here.
Found a stone staircase leading down.
A rat comes into view.
You hit the rat. The rat misses you.
You closely miss the rat. The rat barely misses you.
You hit the rat.
You kill the rat!
No target in view!
You see here 17 stones.
j - 2 blue potions (gained 1)
You see here 17 stones.
Things that are here:
a ring mail; a rat corpse
Found a stone staircase leading up.
You now have 44 gold pieces (gained 16).
You see here a dagger.
There is a stone staircase leading up here.
A dart slug comes into view.
A dart slug is nearby!
The dart slug launches a dart at you. The slug dart hits you!
You take 6 damage, and have 12/18 hp.
MASSIVE DAMAGE!!
The dart slug closely misses you.
You hit the dart slug. You hit the dart slug. The dart slug bites you.
You take 1 damage, and have 12/18 hp.
You hit the dart slug. The dart slug launches a dart at you.
The slug dart hits you!
You take 1 damage, and have 11/18 hp.
You hit the dart slug.
You kill the dart slug!
You start resting.
Health restored: 18 An adder comes into view.
The helpless adder fails to defend itself.
You skewer the adder like a kebab!!!
You kill the adder!
You have reached level 4!
Health restored: 22; MP restored: 5
n - 2 murky pink potions (gained 1)
r - a scroll labeled NEUPRACYJU You see here 18 arrows.
Terence the Incautious comes into view.
He is wielding a morningstar.
b - a +0 blowgun (weapon)
Terence shouts!
Terence looks scornfully at you.
Aim: Terence, wielding a morningstar and wearing a ring mail You shoot a poisoned needle.
The poisoned needle hits Terence.
Terence is poisoned.
Aim: Terence, wielding a morningstar and wearing a ring mail (poisoned)
You shoot a poisoned needle. The poisoned needle hits Terence.
Terence looks even sicker.
Aim: Terence, wielding a morningstar and wearing a ring mail (poisoned)
You shoot a poisoned needle. The poisoned needle hits Terence.
Aim: Terence, wielding a morningstar and wearing a ring mail (poisoned)
You shoot a poisoned needle.
The poisoned needle closely misses Terence.
Aim: Terence, wielding a morningstar and wearing a ring mail (lightly wounded, poisoned)
You shoot a poisoned needle.
The poisoned needle closely misses Terence.
Aim: Terence, wielding a morningstar and wearing a ring mail (lightly wounded, poisoned)
You shoot a poisoned needle.
The poisoned needle barely misses Terence.
a - a +2 dagger (weapon)
Terence misses you.
You hit Terence but do no damage. You hit Terence but do no damage.
Terence completely misses you.
You hit Terence but do no damage. Terence completely misses you.
You hit Terence. You hit Terence. Terence misses you.
You hit Terence but do no damage. Terence hits you with a morningstar!
You take 9 damage, and have 13/22 hp.
MASSIVE DAMAGE!!
You hit Terence but do no damage. You hit Terence.
Terence looks more healthy.
Terence hits you with a morningstar!
Ouch! That really hurt!
You die...

. #.....P..P♣♣≈≈≈≈..P#(####.#.#
. ....###.♣..♣♣♣≈≈...P..# #.#.#
..............♣.≈.[.....###.#.#
.#..#.####..P..P..P.........#.#
.... ....#....#..###.#.#####.#
#. ###.####.#..# #.........# #.
#.#..#####.#######
#....#.#........#
(!(...@@######## .()...###
#######


You could see Terence.

Vanquished Creatures
  An adder (D:2)
  3 oozes
  5 dart slugs
  A leopard gecko (D:1)
  5 bats
  4 giant cockroaches (D:1)
  3 goblins
  3 hobgoblins (D:1)
  A quokka (D:2)
  A ball python (D:1)
  2 frilled lizards (D:1)
  4 kobolds (D:1)
  2 rats
35 creatures vanquished.

Notes
Turn   | Place    | Note
-------+----------+-------------------------------------------
     0 | D:1      | theanonym the Spriggan Assassin began the quest for the Orb.
     0 | D:1      | Reached XP level 1. HP: 10/10 MP: 2/2
    53 | D:1      | Reached skill level 6 in Stealth
   279 | D:1      | Reached XP level 2. HP: 11/14 MP: 3/3
   291 | D:1      | Reached skill level 2 in Dodging
   443 | D:1      | Reached XP level 3. HP: 10/18 MP: 4/4
   878 | D:1      | Reached skill level 3 in Dodging
   967 | D:2      | Reached skill level 3 in Short Blades
   988 | D:2      | Found a glowing silver altar of Zin.
  1373 | D:2      | Reached XP level 4. HP: 22/22 MP: 5/5
  1434 | D:2      | Noticed Terence
  1450 | D:2      | Slain by Terence

Skill      XL: |  1  2  3 |
---------------+----------+-----
Stealth        | 6 |  6.9
Dodging        | 2 3 |  3.2
Short Blades   | 3 |  3.2
Fighting       | |  1.5
Throwing       | |  2.0

Action                   |  1- 3 |  4- 6 || total
-------------------------+-------+-------++-------
Melee: Dagger            |   110 |     8 ||   118
 Fire: Blowgun           |       |     6 ||     6
 Stab: Sleeping          |    13 |       ||    13
Armor: Robe              |     9 |       ||     9
Dodge: Dodged            |    69 |     4 ||    73

Vault maps used:
D:1:      minmay_arrival_four_houses
D:2:      old_standard_altar, serial_bayou, serial_bayou_pond_b,
          serial_bayou_pond_a, serial_bayou_pond_b, serial_bayou_shore_b,
          minmay_pentomino_x2, uniq_terence

Table legend:
 A = Turns spent in this place as a percentage of turns spent in the entire game.
 B = Non-inter-level travel turns spent in this place as a percentage of non-inter-level travel turns spent in the entire game.
 C = Inter-level travel turns spent in this place as a percentage of turns spent in this place.
 D = Turns resting spent in this place as a percentage of non-inter-level travel turns spent in this place.
 E = Turns spent auto-exploring this place as a percentage of non-inter-level travel turns spent in this place.
 F = Non-inter-level travel turns spent in this place divided by the number of levels of this place that you've seen.
                   A       B       C       D       E      F
               +-------+-------+-------+-------+-------+----------------------
         Total | 100.0 | 100.0 |   0.3 |   2.6 |  10.6 | 189.0
       Dungeon | 100.0 | 100.0 |   0.3 |   2.6 |  10.6 | 189.0
               +-------+-------+-------+-------+-------+----------------------

Table legend:
 A = Kills in this place as a percentage of kills in entire the game.
 B = Kills by you in this place as a percentage of kills by you in the entire game.
 C = Kills by friends in this place as a percentage of kills by friends in the entire game.
 D = Other kills in this place as a percentage of other kills in the entire game.
 E = Experience gained in this place as a percentage of experience gained in the entire game.
 F = Experience gained in this place divided by the number of levels of this place that you have seen.
                   A       B       C       D       E      F
               +-------+-------+-------+-------+-------+----------------------
         Total | 100.0 | 100.0 |  -nan |  -nan | 100.0 |  49.0
       Dungeon | 100.0 | 100.0 |  -nan |  -nan | 100.0 |  49.0
               +-------+-------+-------+-------+-------+----------------------
